Baba-Jaga, neutral female human Valkyrie ----------------------- --------------- |.....|...|...........| |...|.*.......| |--.---...|.---.---.|.-----.---...-----.| |...|...|.....| |...................| |.---.-------.- ---...-------.------- |.....|.|....[. |.+.......| |.| |.|.---.|.---.--- .)....---.--|.--- ----------- |.|.....|.|=....| ..... .....|...| |*.......[| |.|.-.--|.|...^.|------.+.?...-- --.--|...+.)...| |.|.....|.|..{..|.... |.......| |.|...-....<....| |.-----.|.| .+..|.|.| |...---.--|.----|^........| |.......|.| ....|.|.| |.[.......|.%...|......*..| -------.|.- -.---.|.|--...-----.|.---.|---------- |..|.|.. |.....|.|.....| |.....|...|.......| |..|.|.| |.----|.|.----- ------|.|.|.-----.| |..|.|.| |.....|...| |...|.|...|.....| |..|.|.-----.-.|.--- |..^|.|.|.|--.--- |....|...........| |.......| |..@M ------------------ --------- ----- Baba-Jaga the Fighter Experience level: 9 Strength: 18/01 Dexterity: 12 Constitution: 16 Intelligence: 9 Wisdom: 11 Charisma: 11 Health: 0(88) Energy: 29(29) Def: 9 Gold: 919 Moves: 5122 Dungeon seed: pR3-LcYrwyFjBjlF Game ID: Baba-Jaga_1439929401 Your Inventory: Coins $ - 919 gold pieces Amulets E - an uncursed amulet of magical breathing (being worn) Weapons a - an uncursed corroded +3 war hammer (weapon in hand) q - an uncursed +1 boomerang (in quiver) v - a blessed +0 elven dagger R - an uncursed +6 elven dagger T - an uncursed +0 axe Armor e - an uncursed +4 small shield (being worn) n - an uncursed burnt +0 pair of speed boots (being worn) r - an uncursed thoroughly rusty -1 banded mail (being worn) y - an uncursed +1 mummy wrapping z - an uncursed +1 orcish helm (being worn) Comestibles d - 5 uncursed food rations m - an uncursed tripe ration s - 2 uncursed sprigs of wolfsbane x - 2 uncursed fortune cookies B - an uncursed cram ration Q - 2 uncursed apples Scrolls l - a blessed scroll of light C - an uncursed scroll of scare monster I - an uncursed scroll of confuse monster J - an uncursed scroll of identify K - a cursed scroll of water O - a blessed scroll of earth named Earth P - an uncursed scroll of light U - an uncursed scroll of remove curse V - a blessed scroll of earth Potions p - a blessed potion of sickness A - an uncursed potion of object detection Rings L - an uncursed ring of searching (on left hand) Wands c - an uncursed wand of cold (0:3) o - an uncursed wand of cold (0:5) t - an uncursed wand of striking (0:1) F - an uncursed wand of sleep (0:2) G - an uncursed wand of slow monster (0:7) M - an uncursed wand of cold (0:7) Z - an uncursed wand of striking (0:0) Tools f - an uncursed oil lamp (0:1284) j - an uncursed towel k - an uncursed skeleton key w - an uncursed tin whistle D - an uncursed pair of lenses (being worn) N - an uncursed leash Spells and supernatural/magical abilities: Name Level Category Fail Memory W - pray for help -- divine ? -- Your skills at the end: Fighting Skills Weapon Skills dagger [Basic] hammer [Expert] Spellcasting Skills Final Attributes: You were fervently aligned. You were cold resistant. You were telepathic. You had automatic searching. You were stealthy. You could fly. You could survive without air. You were very fast. You are dead. Vanquished creatures: 2 vampires an ettin mummy a quantum mechanic a large dog a flaming sphere a tiger a cobra a chameleon 2 crocodiles a giant beetle a cockatrice a wolf 2 panthers 3 giant spiders a gnome king a dwarf mummy a chickatrice a housecat a jaguar a dwarf lord a raven a gnome mummy a snake an ape a human zombie a fire ant 4 Uruk-hai a rock mole a shrieker a violet fungus 3 gnome lords 3 gnomish wizards a kobold mummy a gray ooze 2 elf zombies 5 giant ants a little dog a floating eye 18 dwarves a homunculus a rothe a dwarf zombie an iguana 2 coyotes 4 hobbits 9 giant rats 4 cave spiders 31 gnomes 5 garter snakes 3 gnome zombies 2 geckos 7 jackals a fox 2 goblins 3 sewer rats 4 grid bugs 3 lichens 3 newts 160 creatures vanquished. Voluntary challenges: You used a wielded weapon 237 times, starting on turn 87. You read items or engraved 40 times, starting on turn 951. You never genocided any monsters. You never polymorphed an object. You never changed form. You used no wishes. You never split a pudding. You wrote Elbereth's name 26 times, starting on turn 2470. You violated your moral code, losing 2 points of alignment, starting on turn 1969. Dungeon overview: The Dungeons of Doom: levels 1 to 8 Level 1 a long staircase Level 2 Level 3 Level 4 some fountains stairs to The Gnomish Mines Level 5 some altars to Tyr, a fountain Level 6 a throne Level 7 many fountains Level 8 stairs to Sokoban The Gnomish Mines: levels 5 to 13 Level 5 stairs to The Dungeons of Doom Level 6 Level 7 Level 8 Level 9 Level 10 Level 11 Level 12 Level 13 <- You were here a fountain Sokoban: levels 6 to 7 Level 6 Level 7 stairs to The Dungeons of Doom History has recorded: On T:1 you entered the Dungeons of Doom to retrieve the Amulet of Yendor! On T:337 you reached level 2 of The Dungeons of Doom. On T:712 you reached level 3 of The Dungeons of Doom. On T:769 you reached level 4 of The Dungeons of Doom. On T:965 you advanced to experience level 2. On T:992 you reached level 5 of The Dungeons of Doom. On T:1439 you reached level 6 of The Dungeons of Doom. On T:1478 you advanced to experience level 3. On T:1589 you reached level 7 of The Dungeons of Doom. On T:1733 you advanced to experience level 4. On T:1859 you reached level 8 of The Dungeons of Doom. On T:2047 you reached level 4 of Sokoban. On T:2123 you advanced to experience level 5. On T:2227 you reached level 3 of Sokoban. On T:2362 you advanced to experience level 6. On T:2507 you reached level 1 of The Gnomish Mines. On T:2738 you reached level 2 of The Gnomish Mines. On T:3053 you reached level 3 of The Gnomish Mines. On T:3120 you advanced to experience level 7. On T:3198 you reached level 4 of The Gnomish Mines. On T:3297 you reached level 5 of The Gnomish Mines. On T:3484 you reached level 6 of The Gnomish Mines. On T:3843 you reached level 7 of The Gnomish Mines. On T:4025 you advanced to experience level 8. On T:4186 you reached level 8 of The Gnomish Mines. On T:4385 you reached level 9 of The Gnomish Mines. Score breakdown: Gold: 919 ( 91 points) Experience: 9 levels ( 800 points) Exploration: 13 levels ( 360 points) Discoveries: 21 items ( 1050 points) Variety of kills: 58 monsters ( 2000 points) Major goal: (nothing yet) ( 0 points) Survival: died (score multiplied by 3) Total score: 12903 Latest messages: You hit the giant mummy! The giant mummy just misses! The giant mummy hits! You die... Final status: Farvel Baba-Jaga the Valkyrie, killed by a giant mummy... You died in The Gnomish Mines on dungeon level 13 with 12903 points, and 919 pieces of gold, after 5122 moves. You were level 9 with a maximum of 88 hit points when you died.